 Dungeon Crawl Stone Soup version 0.31-a0-799-g6bc09d010c (webtiles) character file.

Game seed: 18175321721274985820

3959 Revguard the Grappler (level 10, 0/76 HPs)
             Began as a Gnoll Shapeshifter on Sept 19, 2023.
             Was a Follower of Wu Jian.
             Slain by a kobold
             ... wielding a +0 whip of distortion
              (4 damage)
             ... on level 8 of the Dungeon.
             The game lasted 00:19:42 (7509 turns).

Revguard the Grappler (Gnoll Shapeshifter)          Turns: 7509, Time: 00:19:42

Health: 0/76       AC: 15    Str: 18    XL:     10   Next: 22%
Magic:  26/26      EV:  7    Int:  9    God:    Wu Jian [*.....]
Gold:   389        SH:  0    Dex: 12    Spells: 19/19 levels left

rFire   . . .        b - melded +2 dagger (speed)
rCold   . . .        (shield currently unavailable)
rNeg    . . .        n - +1 plate armour
rPois   .            t - +0 helmet
rElec   .            (no cloak)
rCorr   .            (no gloves)
SInv    +            F - +0 pair of boots
Will    .....        L - amulet of regeneration Stlth
                     e - ring of magical power
HPRegen 1.12/turn    r - ring of see invisible
MPRegen 0.20/turn

%: random rage (3%)
@: flux-form, glowing
A: glow, contaminating, fangs 1, strong nose, distributed training, berserk 1,
sense surroundings 1, evolution 1
a: Begin Untransformation, Renounce Religion


You were on level 8 of the Dungeon.
You worshipped Wu Jian.
Wu Jian was aware of your devotion.
You were something dangerously unstable.
You visited 2 branches of the dungeon, and saw 9 of its levels.
You also visited: Sewer.

You collected 389 gold pieces.

Inventory:

Hand Weapons
 b - a +2 dagger of speed (melded)
 A - a +1 long sword of flaming
Armour
 n - a +1 plate armour (worn)
 t - a +0 helmet (worn)
 F - a +0 pair of boots (worn)
Jewellery
 a - a ring of magical power
 e - a ring of magical power (left hand)
 h - an amulet of guardian spirit
 i - an amulet of reflection
 r - a ring of see invisible (right hand)
 G - an amulet of faith
 L - an amulet of regeneration (around neck)
Talismans
 c - a beast talisman
 d - a flux talisman (active)
 o - a serpent talisman
 H - a blade talisman
Wands
 x - a wand of iceblast (19)
 y - a wand of mindburst (20) (quivered)
 J - a wand of polymorph (9)
Scrolls
 g - 2 scrolls of butterflies
 k - a scroll of noise {unknown}
 q - a scroll of immolation
 v - 3 scrolls of enchant weapon {unknown}
 B - a scroll of brand weapon {unknown}
 C - 2 scrolls of blinking {unknown}
 D - 2 scrolls of fog {unknown}
 I - a scroll of amnesia
Potions
 f - 2 potions of mutation
 j - a potion of haste
 l - a potion of heal wounds
 m - 2 potions of resistance
 p - 2 potions of curing
 s - 2 potions of attraction
 u - 3 potions of might
 w - 2 potions of lignification
 z - a potion of cancellation
 E - a potion of berserk rage
 K - a potion of enlightenment {unknown}


   Skills:
 + Level 5.8 Fighting
 + Level 5.1 Short Blades
 + Level 5.1 Long Blades
 + Level 5.1 Axes
 + Level 5.1 Maces & Flails
 + Level 5.1 Polearms
 + Level 5.1 Staves
 + Level 5.1 Ranged Weapons
 + Level 5.1 Throwing
 + Level 5.1 Armour
 + Level 7.0 Dodging
 + Level 5.1 Stealth
 + Level 5.1 Shields
 + Level 8.4 Unarmed Combat
 + Level 5.1 Spellcasting
 + Level 4.2 Conjurations
 + Level 4.2 Hexes
 + Level 4.2 Summonings
 + Level 4.2 Necromancy
 + Level 4.2 Translocations
 + Level 4.2 Transmutations
 + Level 4.2 Fire Magic
 + Level 4.2 Ice Magic
 + Level 4.2 Air Magic
 + Level 4.2 Earth Magic
 + Level 4.2 Poison Magic
 + Level 5.6 Invocations
 + Level 5.1 Evocations
 + Level 8.1 Shapeshifting


You had 19 spell levels left.
You didn't know any spells.
Your spell library contained the following spells:

 Spells                   Type           Power      Damage    Failure   Level
 Apportation              Tloc           20%        N/A       82%         1
 Jinxbite                 Hex            20%        N/A       91%         2
 Call Canine Familiar     Summ           10%        N/A       99%         3
 Sigil of Binding         Hex            10%        N/A       99%         3
 Dimensional Bullseye     Hex/Tloc       5%         N/A       100%        4
 Leda's Liquefaction      Hex/Erth       5%         N/A       100%        4
 Manifold Assault         Tloc           10%        N/A       100%        4
 Alistair's Intoxication  Tmut/Pois      6%         N/A       100%        5
 Dispersal                Tloc           5%         N/A       100%        6
 Disjunction              Tloc           5%         N/A       100%        8


Dungeon Overview and Level Annotations

Branches:
Dungeon (8/15)             Temple (1/1) D:4           Sewer (visited)
   Lair: D:8-11

Altars:
Ashenzari
Cheibriados
Dithmenos
Elyvilon
Fedhas
Gozag
Hepliaklqana
Kikubaaqudgha
Nemelex Xobeh
Okawaru
Qazlal
Ru
Sif Muna
Trog
Uskayaw
Vehumet
Wu Jian
Xom
Yredelemnul
Zin
The Shining One


Innate Abilities, Weirdness & Mutations

You are something dangerously unstable.
You glow with magical radiation, making you easy to see and hit.
Foes you strike become dangerously contaminated with magical radiation.
You are incapable of wielding weapons or throwing items.
You have very sharp teeth.
Your uncanny sense of smell can sniff out nearby items.
Your experience applies equally to all skills.
You sometimes lose your temper in combat.
You passively map a small area around you.
You have hidden genetic potential.


Message History

You feel sick.
The kobold hits you with a +0 short sword.
You barely miss the kobold.
The kobold is moderately wounded.
You feel sick. The kobold closely misses you.
You closely miss the kobold.
The kobold is moderately wounded.
You feel sick. The kobold hits you but does no damage.
You punch the kobold!
You kill the kobold!
The Council accepts your kill.
You feel sick.
You barely miss the kobold. You punch the kobold!
You kill the kobold!
The Council accepts your kill.
You feel sick.
You barely miss the kobold. You bite the kobold, but do no damage.
You recover from your berserk rage.
You feel sick. The kobold hits you but does no damage.
Space warps horribly around you!
You barely miss the kobold.
You feel sick. The kobold hits you but does no damage.
Space warps horribly around you!!
* * * LOW HITPOINT WARNING * * *
You barely miss the kobold.
You feel sick.
You are no longer poisoned.
The kobold hits you but does no damage.
You blink.
You swing at nothing.
The kobold hits you with a +0 whip of distortion.
* * * LOW HITPOINT WARNING * * *
Space warps around you.
* * * LOW HITPOINT WARNING * * *
You swing at nothing.
The kobold hits you but does no damage. Space warps horribly around you!
* * * LOW HITPOINT WARNING * * *
You swing at nothing.
You swing at nothing.
The kobold closely misses you.
You swing at nothing.
The kobold hits you with a +0 whip of distortion.
You die...

..........# ...
..........##### .. ,
..^...........### ..
,,
......)...#.....###.,,
>.........#.....#..,
##..##.##.......#.# ,
* ###.......#.....#.#
, # ###....#######K.#
, # #...## *#.p## # *
..#..#* #...#...# .
*##........,.###
...#.###*## , .... , ,
∆...* , .. * , , , , ,
,


You could see a kobold.

Vanquished Creatures
  A gargoyle (D:8)
  The ghost of grizmgrazm2 the Insei, a novice DjSh of Ashenzari (D:6)
  A hornet (D:7)
  Grinder (D:5)
  Eustachio (D:4)
  A water moccasin (D:6)
  2 orc warriors
  2 sky beasts
  Pargi (Sewer)
  3 ice beasts
  2 black bears
  A centaur (D:6)
  2 ogres
  2 phantoms
  4 kobold brigands
  A bullfrog (D:7)
  2 scorpions (D:6)
  5 killer bees
  4 hounds
  2 jellies (D:6)
  2 orc priests
  2 sleepcaps (D:6)
  4 orc wizards
  Natasha (thrice) (D:2)
  2 iguanas (D:7)
  11 adders
  2 white imps
  2 dart slugs
  12 orcs
  4 ball pythons
  9 endoplasms
  6 giant cockroaches
  4 goblins
  12 hobgoblins
  9 jackals
  5 quokkas
  9 bats
  7 frilled lizards
  15 kobolds
  16 rats
175 creatures vanquished.

Notes
Turn   | Place    | Note
-------+----------+-------------------------------------------
     0 | D:1      | Revguard the Gnoll Shapeshifter began the quest for the
                  | Orb.
     0 | D:1      | Reached XP level 1. HP: 17/17 MP: 1/1
   104 | D:1      | Reached XP level 2. HP: 23/23 MP: 2/2
   211 | D:1      | Found a faded altar of an unknown god.
   367 | D:1      | Reached XP level 3. HP: 28/28 MP: 3/3
   826 | D:1      | Reached skill level 1 in Invocations
  1090 | D:2      | Reached skill level 1 in Short Blades
  1090 | D:2      | Reached skill level 1 in Long Blades
  1090 | D:2      | Reached skill level 1 in Axes
  1090 | D:2      | Reached skill level 1 in Maces & Flails
  1090 | D:2      | Reached skill level 1 in Polearms
  1090 | D:2      | Reached skill level 1 in Staves
  1090 | D:2      | Reached skill level 1 in Ranged Weapons
  1090 | D:2      | Reached skill level 1 in Throwing
  1090 | D:2      | Reached skill level 1 in Armour
  1090 | D:2      | Reached skill level 1 in Stealth
  1090 | D:2      | Reached skill level 1 in Shields
  1090 | D:2      | Reached skill level 1 in Spellcasting
  1090 | D:2      | Reached skill level 1 in Evocations
  1112 | D:2      | Reached XP level 4. HP: 27/34 MP: 5/5
  1150 | D:2      | You fall into a shaft and drop 2 floors!
  1231 | D:2      | Noticed Natasha
  1235 | D:2      | Killed Natasha
  1236 | D:2      | Reached skill level 1 in Conjurations
  1236 | D:2      | Reached skill level 1 in Hexes
  1236 | D:2      | Reached skill level 1 in Summonings
  1236 | D:2      | Reached skill level 1 in Necromancy
  1236 | D:2      | Reached skill level 1 in Translocations
  1236 | D:2      | Reached skill level 1 in Transmutations
  1236 | D:2      | Reached skill level 1 in Fire Magic
  1236 | D:2      | Reached skill level 1 in Ice Magic
  1236 | D:2      | Reached skill level 1 in Air Magic
  1236 | D:2      | Reached skill level 1 in Earth Magic
  1236 | D:2      | Reached skill level 1 in Poison Magic
  1542 | D:2      | Noticed Natasha
  1551 | D:2      | Killed Natasha
  1552 | D:2      | Reached XP level 5. HP: 23/40 MP: 7/7
  1777 | D:2      | Noticed Natasha
  1797 | D:2      | Killed Natasha
  2075 | D:3      | Noticed a kobold brigand
  2076 | D:3      | Noticed a kobold brigand
  2091 | D:3      | Killed a kobold brigand
  2092 | D:3      | Reached skill level 5 in Dodging
  2092 | D:3      | Reached XP level 6. HP: 7/47 MP: 3/8
  2877 | D:4      | Found a staircase to the Ecumenical Temple.
  2897 | D:4      | Reached XP level 7. HP: 31/52 MP: 10/10
  2988 | Temple   | Entered the Ecumenical Temple
  3058 | D:4      | Noticed Eustachio
  3085 | D:4      | Killed Eustachio
  4376 | D:5      | Entered Level 5 of the Dungeon
  4398 | D:5      | Found a hide-covered altar of Uskayaw.
  4408 | D:5      | Reached XP level 8. HP: 55/60 MP: 12/12
  4543 | D:5      | Found a glowing golden altar of the Shining One.
  4543 | D:5      | Found a shimmering altar of Xom.
  4546 | D:5      | Found an opulent altar of Gozag.
  4860 | D:5      | Found a shadowy altar of Dithmenos.
  4913 | D:5      | Found a glowing drain.
  4936 | Sewer    | Entered a sewer
  4986 | Sewer    | Noticed Pargi
  4998 | Sewer    | Killed Pargi
  5098 | D:5      | Gained mutation: You have hidden genetic potential. [potion
                  | of mutation]
  5098 | D:5      | Gained mutation: You sometimes lose your temper in combat.
                  | [potion of mutation]
  5169 | D:5      | Noticed Grinder
  5174 | D:5      | Paralysed by Grinder for 3 turns
  5193 | D:5      | Paralysed by Grinder for 4 turns
  5205 | D:5      | Killed Grinder
  5712 | D:6      | Reached XP level 9. HP: 66/66 MP: 14/14
  5790 | D:6      | Found a runed translucent door.
  5795 | D:6      | Noticed grizmgrazm2's ghost (novice DjSh)
  5961 | D:6      | Reached skill level 5 in Fighting
  6149 | D:6      | Gained mutation: You passively map a small area around you.
                  | [hidden potential]
  6273 | Temple   | Became a worshipper of the Wu Jian Council
  6365 | D:6      | Identified the +2 leather armour "Tuntisk" {MP+9}
  6466 | D:6      | Killed grizmgrazm2's ghost
  6467 | D:6      | Reached skill level 5 in Invocations
  6606 | D:7      | Noticed a hornet
  6610 | D:7      | Paralysed by a hornet for 2 turns
  6617 | D:7      | Paralysed by a hornet for 2 turns
  6618 | D:7      | HP: 3/68 [poisoned by a hornet]
  6618 | D:7      | HP: 1/68 [hornet (2)]
  6624 | D:7      | Killed a hornet
  6809 | D:7      | Reached XP level 10. HP: 33/74 MP: 16/17
  7429 | D:8      | Noticed a gargoyle
  7438 | D:8      | Killed a gargoyle
  7439 | D:8      | Reached skill level 5 in Short Blades
  7439 | D:8      | Reached skill level 5 in Long Blades
  7439 | D:8      | Reached skill level 5 in Axes
  7439 | D:8      | Reached skill level 5 in Maces & Flails
  7439 | D:8      | Reached skill level 5 in Polearms
  7439 | D:8      | Reached skill level 5 in Staves
  7439 | D:8      | Reached skill level 5 in Ranged Weapons
  7439 | D:8      | Reached skill level 5 in Throwing
  7439 | D:8      | Reached skill level 5 in Armour
  7439 | D:8      | Reached skill level 5 in Stealth
  7439 | D:8      | Reached skill level 5 in Shields
  7439 | D:8      | Reached skill level 5 in Spellcasting
  7439 | D:8      | Reached skill level 5 in Evocations
  7475 | D:8      | Gained mutation: You have great hidden genetic potential.
                  | [hidden potential]
  7475 | D:8      | Lost mutation: You have great hidden genetic potential.
                  | [hidden potential expressed]
  7495 | D:8      | Reached * piety under Wu Jian
  7506 | D:8      | HP: 1/76 [kobold/+0 whip of distortion (9)]
  7509 | D:8      | Slain by a kobold

Illustrated notes

Levels and vault maps discovered:
D:1:      dpeg_arrival_ratfight, layout_basic,
          hellmonk_ecumenical_altar_dog_temple
D:2:      layout_rooms, dk_noncrumbling_4, uniq_natasha
D:3:      cheibrodos_thug_alley, layout_loops_corners
D:4:      layout_layer_cave, temple_statues, uniq_eustachio
D:5:      layout_loops_corners, minitemple, nicolae_dithmenos_the_darkroom,
          mainiacjoe_overflow_24_doors, portal_sewer_entry_f, uniq_grinder
D:6:      cheibrodos_barr_body, layout_basic, ebering_ghost_reflecting_pool
D:7:      layout_rooms
D:8:      layout_rooms, mainiacjoe_overflow_alcove_2, uniq_maggie
Temple:   kb_temple_of_zot

Skill      XL: |  1  2  3  4  5  6  7  8  9 10 |
---------------+-------------------------------+-----
Invocations    | 1 2 3 4 5 |  5.6
Short Blades   | 1 2 3 4 5 |  5.1
Long Blades    | 1 2 3 4 5 |  5.1
Axes           | 1 2 3 4 5 |  5.1
Maces & Flails | 1 2 3 4 5 |  5.1
Polearms       | 1 2 3 4 5 |  5.1
Staves         | 1 2 3 4 5 |  5.1
Ranged Weapons | 1 2 3 4 5 |  5.1
Throwing       | 1 2 3 4 5 |  5.1
Armour         | 1 2 3 4 5 |  5.1
Stealth        | 1 2 3 4 5 |  5.1
Shields        | 1 2 3 4 5 |  5.1
Spellcasting   | 1 2 3 4 5 |  5.1
Evocations     | 1 2 3 4 5 |  5.1
Conjurations   | 1 2 3 4 |  4.2
Hexes          | 1 2 3 4 |  4.2
Summonings     | 1 2 3 4 |  4.2
Necromancy     | 1 2 3 4 |  4.2
Translocations | 1 2 3 4 |  4.2
Transmutations | 1 2 3 4 |  4.2
Fire Magic     | 1 2 3 4 |  4.2
Ice Magic      | 1 2 3 4 |  4.2
Air Magic      | 1 2 3 4 |  4.2
Earth Magic    | 1 2 3 4 |  4.2
Poison Magic   | 1 2 3 4 |  4.2
Fighting       | 3 4 5 |  5.8
Dodging        | 5 6 7 |  7.0
Unarmed Combat | 7 8 |  8.4
Shapeshifting  | 7 8 |  8.1

Action                     |  1- 3 |  4- 6 |  7- 9 | 10-12 || total
---------------------------+-------+-------+-------+-------++-------
  Melee: Unarmed           |    36 |       |   258 |    73 ||   367
         Bite              |     9 |    11 |    42 |    10 ||    72
         Short sword       |    51 |    96 |       |       ||   147
         Punch             |     3 |     4 |     2 |       ||     9
         Dagger            |       |    33 |    38 |       ||    71
Ability: Lunge             |       |       |     2 |     6 ||     8
    Use: Scroll            |     2 |     1 |    10 |       ||    13
         Potion            |       |     4 |     5 |       ||     9
   Stab: Sleeping          |     3 |       |       |       ||     3
 Armour: Animal skin       |    24 |       |       |       ||    24
         Plate armour      |    16 |   141 |   325 |    60 ||   542
         Leather armour    |     4 |       |       |       ||     4
         Skin              |     1 |    55 |       |       ||    56
  Dodge: Dodged            |    51 |    43 |    90 |    26 ||   210
   Form: Flux              |       |       |     1 |       ||     1

Table legend: (Time is in decaauts)
 A = Elapsed time spent in this place.
 B = Non-inter-level travel time spent in this place.
 C = Inter-level travel time spent in this place.
 D = Time resting spent in this place.
 E = Time spent auto-exploring this place.
 F = Levels seen in this place.
 G = Mean time per level.
                   A        B        C        D        E       F      G
               +--------+--------+--------+--------+--------+-----+--------+
         Total |   7570 |   7116 |    454 |    191 |   5316 |  10 |  757.0 |
       Dungeon |   7311 |   6909 |    402 |    191 |   5230 |   8 |  913.9 |
        Temple |     86 |     34 |     52 |      0 |      0 |   1 |   86.0 |
         Sewer |    172 |    172 |      0 |      0 |     86 |   1 |  172.0 |
               +--------+--------+--------+--------+--------+-----+--------+

Top non-repeatable levels by time:
     D:4: 1565 daAuts
     D:3: 1056 daAuts
     D:5: 1023 daAuts
     D:1: 958 daAuts
     D:6: 886 daAuts
     D:7: 839 daAuts
     D:2: 806 daAuts
     D:8: 174 daAuts
   Sewer: 172 daAuts
  Temple: 86 daAuts
